 Dungeon Crawl Stone Soup version 0.28.0-45-g0d030f2227 (webtiles) character file.

Game seed: 9138113640785455142

189 pkoi the Sneak (level 5, 0/63 HPs)
             Began as a Demigod Brigand on Apr 21, 2022.
             Succumbed to Robin's poison
             ... on level 3 of the Dungeon.
             The game lasted 00:02:59 (2111 turns).

pkoi the Sneak (Demigod Brigand)                    Turns: 2111, Time: 00:02:59

Health: 0/63       AC: 22    Str: 12    XL:     5   Next: 17%
Magic:  7/7        EV:  2    Int: 17    God:
Gold:   69         SH:  5    Dex: 15    Spells: 4/4 levels left

rFire   . . .      SeeInvis .   a - +2 dagger
rCold   . . .      Faith    .   (no shield)
rNeg    . . .      Spirit   .   (armour currently unavailable)
rPois   +          Reflect  +   (helmet currently unavailable)
rElec   .          Harm     .   (cloak currently unavailable)
rCorr   +          Rampage  .   (gloves currently unavailable)
Will    .....      NoTele   +   (boots currently unavailable)
Stlth   +++.......              r - amulet of reflection
HPRegen 0.20/turn               h - ring of resist corrosion
MPRegen 0.10/turn               (no ring)

@: lethally poisoned (0 -> -23), tree-form
A: stationary, stasis, torment immunity, boosted hp, high MP 1, forlorn, divine
attributes
a: no special abilities


You were on level 3 of the Dungeon.
You were a tree.
You visited 1 branch of the dungeon, and saw 3 of its levels.

You collected 69 gold pieces.

Inventory:

Hand Weapons
 a - a +2 dagger (weapon)
 n - a +1 vampiric spear
Missiles
 d - 14 poisoned darts (quivered)
 e - a curare-tipped dart
Armour
 b - a +0 robe (melded)
 c - a +0 cloak (melded)
 f - a +0 helmet (melded)
 l - a +0 pair of gloves (melded)
 m - a +0 pair of boots (melded)
Jewellery
 h - a ring of resist corrosion (left branch)
 r - an amulet of reflection (around neck)
Scrolls
 j - a scroll of torment {unknown}
 k - a scroll of identify {unknown}
Potions
 q - a potion of resistance


   Skills:
 + Level 2.7 Fighting
 * Level 3.5 Short Blades
 - Level 1.7 Throwing
 + Level 2.2 Dodging
 + Level 4.3 Stealth


You had 4 spell levels left.
You didn't know any spells.
Your spell library was empty.

Dungeon Overview and Level Annotations

Branches:
Dungeon (3/15)


Innate Abilities, Weirdness & Mutations

You are a tree.
Your roots penetrate the ground, keeping you stationary.
You cannot be teleported.
You are immune to unholy pain and torment.
Your maximum health is greatly increased.
Your equipment is partially melded.
You have an increased reservoir of magic. (+10% MP)
You shall have no god before yourself.
Your divine heritage dramatically boosts your attributes as you level up.


Message History

You feel very sick.
Robin hits you with a +6 dagger of venom.
* * * LOW HITPOINT WARNING * * *
You are more poisoned.
You feel much better.
You feel very sick. Robin completely misses you.
You hit Robin.
Robin is moderately wounded.
You feel very sick.
Robin hits you with a +6 dagger of venom.
* * * LOW HITPOINT WARNING * * *
You are lethally poisoned!
You hit Robin.
Robin is heavily wounded.
* * * LOW HITPOINT WARNING * * *
You feel very sick.
You barely miss Robin.
Robin is heavily wounded.
* * * LOW HITPOINT WARNING * * *
You feel very sick.
Robin hits you with a +6 dagger of venom.
* * * LOW HITPOINT WARNING * * *
You are more poisoned.
Throw: 2 darts (curare)
Press: ? - help, Shift-Dir - straight line, f - Robin
Aim: Robin, wielding a +6 dagger of venom, wearing a +0 animal skin and wearing a +0 helmet (heavily wounded, 67% to hit)
You throw a curare-tipped dart. The curare-tipped dart hits Robin.
Robin is poisoned.
Robin convulses.
You kill Robin!
* * * LOW HITPOINT WARNING * * *
You feel very sick.
Your life force feels restored.
It was a potion of lignification.
You turn into a tree.
Your +0 cloak melds into your body.
Your +0 helmet melds into your body.
Your +0 pair of gloves melds into your body.
Your +0 pair of boots melds into your body.
Your +0 robe melds into your body.
Your roots penetrate the ground.
You die...

#.# #.# #.# ...
######### #.#
#.......# ## #.#
#.......# #. # #(#
.##.......# #.
#.#♣##.##.......###.
#.#)##.##...........
#......##........##.
###.##...<...)...##.
#.##.#####<###.##.
#.##.#####.###.##.
#..............##.
####.##.##.##.....
#.##.##..>.....


There were no monsters in sight!

Vanquished Creatures
  An ice beast (D:3)
  Jessica (D:2)
  Robin (D:3)
  A dart slug (D:2)
  2 endoplasms (D:1)
  15 goblins
  5 hobgoblins
  6 jackals (D:1)
  4 kobolds
  8 ball pythons
  6 bats
  A frilled lizard (D:1)
  6 rats (D:1)
57 creatures vanquished.

Notes
Turn   | Place    | Note
-------+----------+-------------------------------------------
     0 | D:1      | pkoi the Demigod Brigand began the quest for the Orb.
     0 | D:1      | Reached XP level 1. HP: 17/17 MP: 3/3
   116 | D:1      | Reached skill level 1 in Dodging
   330 | D:1      | Reached XP level 2. HP: 24/24 MP: 4/4
   814 | D:1      | Reached XP level 3. HP: 28/29 MP: 5/5
  1093 | D:2      | Noticed Jessica
  1111 | D:2      | Killed Jessica
  1112 | D:2      | Reached skill level 4 in Stealth
  1474 | D:3      | Noticed an ice beast
  1784 | D:3      | Killed an ice beast
  1785 | D:3      | Reached XP level 4. HP: 19/37 MP: 6/6
  1785 | D:3      | Reached XP level 5. HP: 21/42 MP: 7/7
  2093 | D:3      | Noticed Robin
  2110 | D:3      | Killed Robin
  2111 | D:3      | Succumbed to Robin's poison

Illustrated notes

Levels and vault maps discovered:
D:1:      dpeg_arrival_chambers_temple_mockup, layout_loops_corners,
          hellmonk_ecumenical_altar_leap_of_faith, minmay_hedge_maze,
          minmay_pentomino_u2
D:2:      layout_basic, basic_altar, kennysheep_generic_room_14, uniq_jessica
D:3:      layout_loops_cross, minmay_misc_feat_more_columns, uniq_robin

Skill      XL: |  1  2  3 |
---------------+----------+-----
Dodging        | 1 2 |  2.2
Short Blades   | 2 3 |  3.5
Fighting       | 2 |  2.7
Stealth        | 4 |  4.3
Throwing       | |  1.7

Action                   |  1- 3 |  4- 6 || total
-------------------------+-------+-------++-------
Melee: Dagger            |   151 |    40 ||   191
       Punch             |     1 |       ||     1
Throw: Dart              |       |     1 ||     1
  Use: Potion            |     4 |     2 ||     6
       Scroll            |     4 |       ||     4
 Stab: Sleeping          |    14 |       ||    14
       Distracted        |     1 |       ||     1
Armor: Robe              |    39 |    13 ||    52
Dodge: Dodged            |    82 |    17 ||    99
Block: Other             |     5 |    13 ||    18
       Reflection        |     2 |     1 ||     3
